 Dungeon Crawl Stone Soup version 0.29.1-1-gd02db6906a (webtiles) character file.

Game seed: 7344738673398837582

1822 hawla the Arsonist (level 8, 0/37 (41) HPs)
             Began as a Deep Elf Fire Elementalist on Oct 3, 2022.
             Slain by a gnoll
             ... wielding a +0 spear
             ... led by a gnoll bouda
              (6 damage)
             ... on level 6 of the Dungeon.
             The game lasted 00:18:33 (6229 turns).

hawla the Arsonist (Deep Elf Fire Elementalist)     Turns: 6229, Time: 00:18:34

HP:   0/37 (41)     AC:  3    Str: 11    XL:     8   Next: 85%
MP:   18/22         EV: 13    Int: 23    God:
Gold: 185           SH:  0    Dex: 15    Spells: 16/23 levels left

rFire   + . .      SeeInvis .   t - staff of fire
rCold   + . .      Faith    .   (no shield)
rNeg    . . .      Spirit   .   a - +0 robe
rPois   +          Reflect  .   (no helmet)
rElec   .          Harm     .   (no cloak)
rCorr   .          Rampage  .   c - +0 pair of gloves
Will    .....                   (no boots)
Stlth   ++........              (no amulet)
HPRegen 0.12/turn               o - ring of poison resistance
MPRegen 0.18/turn               h - +6 ring of strength

@: drained
A: cold resistance 1, sense surroundings 1
a: no special abilities


You were on level 6 of the Dungeon.
You visited 1 branch of the dungeon, and saw 6 of its levels.

You collected 185 gold pieces.

Inventory:

Missiles
 g - 4 poisoned darts
 j - a throwing net
Armour
 a - a +0 robe (worn)
 c - a +0 pair of gloves (worn)
Magical Staves
 t - a staff of fire (weapon)
Jewellery
 h - a +6 ring of strength (right hand)
 i - a ring of resist corrosion
 o - a ring of poison resistance (left hand)
Wands
 e - a wand of flame (18)
Scrolls
 f - 2 scrolls of enchant weapon
 k - a scroll of teleportation
Potions
 b - a potion of magic
 d - 5 potions of attraction
 l - 3 potions of curing
 m - 5 potions of brilliance
 n - a potion of heal wounds {unknown}
 p - a potion of flight {unknown}
 q - a potion of ambrosia
 r - 2 potions of might


   Skills:
 + Level 0.3 Fighting
 + Level 0.5 Staves
 + Level 3.2 Dodging
 - Level 3.2 Stealth
 + Level 8.1 Spellcasting
 + Level 4.9 Conjurations
 + Level 9.6 Fire Magic
 + Level 1.5 Evocations


You had 16 spell levels left.
You knew the following spells:

 Your Spells              Type           Power      Damage    Failure   Level
a - Foxfire               Conj/Fire      100%       2x1d9     1%          1
b - Scorch                Fire           100%       2d10      1%          2
c - Flame Wave            Conj/Fire      59%        2d14      3%          4

Your spell library contained the following spells:

 Spells                   Type           Power      Damage    Failure   Level
 Conjure Flame            Conj/Fire      59%        6-21      1%          3
 Inner Flame              Hex/Fire       47%        N/A       2%          3
 Airstrike                Air            4%         2d(1-17)  56%         4
 Summon Lightning Spire   Summ/Air       9%         N/A       56%         4
 Lightning Bolt           Conj/Air       10%        1d23      56%         5


Dungeon Overview and Level Annotations

Branches:
Dungeon (6/15)
 Temple: D:4-7

Altars:
Gozag
Okawaru
Wu Jian
Xom
Zin

Annotations:
D:3 2 transporters


Innate Abilities, Weirdness & Mutations

Your flesh is cold resistant. (rC+)
You passively map a small area around you.


Message History

Press: ? - help, Dir - look around, f - activate You feel a surge of power!
A wave of flame ripples out!
The flame wave engulfs the wight!
The wight is severely damaged. (Press . to intensify the flame waves.)
The wight barely misses you.
A wave of flame ripples out!
The flame wave engulfs the wight!
You destroy the wight!
The flame wave engulfs the wight!!
You destroy the wight!
The gnoll misses you.
Your Spellcasting skill increases to level 8!
Unknown command.
You climb upwards.
There is a stone staircase leading down here.
You start resting.
Magic restored.
You climb downwards.
The gnoll shouts!
The gnoll hits you from afar with a +0 spear.
The wight hits you with a +0 war axe!
You feel drained.
There is a stone staircase leading up, spattered with blood here.
Casting: Flame Wave (dangerous; 3% risk of failure)
Confirm with . or Enter, or press ? or * to list all spells.
Casting: Flame Wave (dangerous; 3% risk of failure)
Press: ? - help, Dir - look around, f - activate You feel a surge of power!
A wave of flame ripples out!
The flame wave engulfs the gnoll!
You kill the gnoll!
The flame wave engulfs the wight!!
You destroy the wight!
The flame wave engulfs the wight!
The wight is heavily damaged. (Press . to intensify the flame waves.)
The wight hits you with a +0 battleaxe!
* * * LOW HITPOINT WARNING * * *
You feel drained.
* * * LOW HITPOINT WARNING * * *
The gnoll hits you from afar with a +0 spear.
You die...

......[.#.....,
........#.......#* ####*
....?...........#*,#...#
................##......
,
§.......................
,
§....†.##.......##......
.......##.....)..[......
, ,
.......#......g.[z......,
.........[[>..))@)......
,
.........$[..g.....#####
* ..>......$......##.# ,
..........g.....# ..., ,
, ..##......!....... ..#
......####..##......... *
.#...###....##.......#^#
.#.#.....#..##.......#.#
* * * .)).....#**


You could see a gnoll bouda, a wight and 2 gnolls.

Vanquished Creatures
  Sigmund (D:2)
  Eustachio (D:6)
  Menkaure (D:5)
  A centaur (D:5)
  3 necrophages
  A gnoll sergeant (D:5)
  5 scorpions
  3 wights (D:6)
  5 hounds (D:5)
  An orc priest (D:6)
  A gnoll bouda (D:5)
  5 iguanas
  2 orc wizards
  12 gnolls
  6 adders
  A river rat (D:4)
  2 white imps
  A worm (D:5)
  A dart slug (D:5)
  17 orcs
  11 ball pythons
  5 bats
  4 endoplasms
  5 giant cockroaches
  8 goblins
  4 hobgoblins
  4 jackals (D:4)
  3 quokkas
  5 frilled lizards
  11 kobolds
  9 rats
  A bush (D:5)
140 creatures vanquished.

Vanquished Creatures (collateral kills)
  4 foxfires (D:5)
4 creatures vanquished.

Vanquished Creatures (others)
  A gnoll (D:6)
  225 foxfires
226 creatures vanquished.

Grand Total: 370 creatures vanquished

Notes
Turn   | Place    | Note
-------+----------+-------------------------------------------
     0 | D:1      | hawla the Deep Elf Fire Elementalist began the quest for
                  | the Orb.
     0 | D:1      | Reached XP level 1. HP: 10/10 MP: 6/6
   356 | D:1      | Reached XP level 2. HP: 15/15 MP: 5/8
   359 | D:1      | Learned a level 2 spell: Scorch
   768 | D:1      | Reached skill level 4 in Fire Magic
  1320 | D:2      | Reached XP level 3. HP: 19/19 MP: 5/9
  1370 | D:2      | Noticed Sigmund
  1758 | D:2      | Found a faded altar of an unknown god.
  1770 | D:2      | Killed Sigmund
  1771 | D:2      | Reached skill level 5 in Spellcasting
  1771 | D:2      | Reached skill level 5 in Fire Magic
  1771 | D:2      | Reached XP level 4. HP: 24/24 MP: 4/13
  1771 | D:2      | Reached XP level 5. HP: 28/28 MP: 4/14
  1781 | D:2      | Learned a level 4 spell: Flame Wave
  1935 | D:2      | Found an ornate altar of the Wu Jian Council.
  2247 | D:3      | Gained mutation: You are dopey. (Int -2) [potion of
                  | mutation]
  2247 | D:3      | Gained mutation: You are frail. (-10% HP) [potion of
                  | mutation]
  2247 | D:3      | Gained mutation: You are partially covered in iridescent
                  | scales. (AC +2) [potion of mutation]
  2457 | D:3      | Found an iron altar of Okawaru.
  2517 | D:3      | Found a transporter.
  2586 | D:3      | Found a transporter.
  2619 | D:3      | Found a shimmering altar of Xom.
  2939 | D:4      | Reached XP level 6. HP: 21/28 MP: 5/15
  3051 | D:4      | Found an opulent altar of Gozag.
  3135 | D:4      | Found a glowing silver altar of Zin.
  3157 | D:4      | Reached skill level 6 in Fire Magic
  3325 | D:4      | Found an ornate altar of the Wu Jian Council.
  4066 | D:5      | Entered Level 5 of the Dungeon
  4269 | D:5      | Noticed Menkaure
  4274 | D:5      | Killed Menkaure
  4275 | D:5      | Reached skill level 7 in Fire Magic
  4275 | D:5      | Reached XP level 7. HP: 32/32 MP: 11/16
  4604 | D:5      | Reached skill level 8 in Fire Magic
  4605 | D:5      | Lost mutation: You are dopey. (Int -2) [potion of mutation]
  4605 | D:5      | Lost mutation: You are partially covered in iridescent
                  | scales. (AC +2) [potion of mutation]
  4605 | D:5      | Lost mutation: You are frail. (-10% HP) [potion of
                  | mutation]
  4605 | D:5      | Gained mutation: Your flesh is cold resistant. (rC+)
                  | [potion of mutation]
  4605 | D:5      | Gained mutation: You passively map a small area around you.
                  | [potion of mutation]
  5142 | D:5      | Reached XP level 8. HP: 23/41 MP: 7/19
  5804 | D:6      | Reached skill level 9 in Fire Magic
  5937 | D:6      | Reached skill level 1 in Evocations
  5943 | D:6      | Noticed Eustachio
  6021 | D:6      | Killed Eustachio
  6229 | D:6      | Slain by a gnoll

Illustrated notes

Levels and vault maps discovered:
D:1:      dpeg_arrival_stonehenge_12_columns, layout_basic, wad_floor_pattern_1
D:2:      layout_loops_ring, basic_altar, chequers_ecumenical_altar_twisty,
          minmay_liquid_box, uniq_sigmund
D:3:      gammafunk_steamed_eel, layout_loops_ring,
          mainiacjoe_overflow_small_starburst, lemuel_round_altar
D:4:      layout_loops_ring, old_standard_altar,
          mainiacjoe_overflow_catch_the_wave, portal_sewer_entry_e
D:5:      layout_cave_pods, serial_park, serial_park_tiny_2, serial_park_paths
          [serial_park_minivault_5x5_3], serial_park_square1
          [serial_park_minivault_5x5_7], serial_park_square1
          [serial_park_minivault_5x5_5], uniq_menkaure
D:6:      layout_rooms, serial_shops,
          nicolae_shop_temple_entry_statues_fountains,
          minmay_fractal_squares_gapless_5, uniq_eustachio

Skill      XL: |  1  2  3  4  5  6  7  8 |
---------------+-------------------------+-----
Fire Magic     | 4 5 7 8 9 |  9.6
Stealth        | 3 |  3.2
Spellcasting   | 5 6 8 |  8.1
Conjurations   | 2 3 4 |  4.9
Dodging        | 3 |  3.2
Evocations     | 1 |  1.5
Fighting       | |  0.3
Staves         | |  0.5

Action                   |  1- 3 |  4- 6 |  7- 9 || total
-------------------------+-------+-------+-------++-------
Melee: Unarmed           |     4 |       |       ||     4
       Rapier            |       |     3 |       ||     3
       Staff             |       |    10 |     8 ||    18
 Cast: Foxfire           |    48 |    52 |    35 ||   135
       Scorch            |    12 |    24 |    15 ||    51
       Flame Wave        |       |     1 |    14 ||    15
  Use: Scroll            |     1 |    12 |       ||    13
       Potion            |       |     1 |     5 ||     6
 Stab: Sleeping          |       |     3 |       ||     3
Armor: Robe              |     6 |    10 |    13 ||    29
Dodge: Dodged            |    11 |    41 |    38 ||    90
